[Event "120'/40 Runde 5"]
[Site "julihzl"]
[Date "2004.11.12"]
[Round "5"]
[White "Krauß, Rainer"]
[Black "Lepschi, Albert"]
[Result "1-0"]
[ECO "B12"]
[WhiteElo "1780"]
[BlackElo "1699"]
[Annotator ",FRED"]
[PlyCount "51"]
[EventDate "2004.??.??"]
[TimeControl "40/7200:0"]

{304MB, Fritz8.ctg, SCHACHCOM} 1. e4 c6 2. d4 d5 3. e5 Bf5 4. Bd3 Bxd3 5. Qxd3
e6 6. Nf3 Qa5+ 7. Bd2 Qa6 8. Qxa6 Nxa6 9. O-O h5 10. c3 Nh6 11. Bxh6 Rxh6 12.
Nbd2 c5 13. a3 c4 14. Rfb1 Nc7 15. b3 b5 16. a4 a6 17. axb5 axb5 18. Rxa8+ Nxa8
19. bxc4 dxc4 20. Rxb5 Nc7 21. Rb8+ Ke7 22. Nxc4 g6 23. Nd6 Bg7 24. Rb7 Kd7 25.
Nxf7 Kc6 26. Rb1 1-0

[Event "120'/40 Runde 5"]
[Site "julihzl"]
[Date "2004.11.12"]
[Round "5"]
[White "Dymerets, Yosup"]
[Black "Fiedler, Peter"]
[Result "1-0"]
[ECO "B33"]
[WhiteElo "1600"]
[BlackElo "1766"]
[Annotator ",FRED"]
[PlyCount "86"]
[EventDate "2004.??.??"]
[TimeControl "40/7200:0"]

{304MB, Fritz8.ctg, SCHACHCOM} 1. e4 c5 2. Nf3 Nc6 3. d4 cxd4 4. Nxd4 Nf6 5.
Nc3 e5 6. Ndb5 d6 7. Nd5 Nxd5 8. exd5 Ne7 9. c4 a6 10. Nc3 Ng6 11. Be3 Qa5 12.
Bd3 f5 13. f3 Be7 14. Qd2 h6 15. g3 Bd7 16. a3 Rc8 17. O-O O-O 18. Qf2 Qd8 19.
Qd2 Be8 20. b3 f4 21. Bf2 fxg3 22. Bxg3 Nf4 23. Be4 Bg5 24. Qc2 Qb6+ 25. Kh1
Bd7 26. Bf2 Qd8 27. Ne2 Nh3 28. Be1 Be3 29. Ng3 Qg5 30. Rd1 Bb6 31. Qd2 Nf4 32.
Bf2 Bxf2 33. Rxf2 Bh3 34. Re1 Qh4 35. Nf1 Rf6 36. Ne3 h5 37. Rb1 Rcf8 38. Qc2
g5 39. Rd2 R8f7 40. Rdd1 Bc8 41. Rg1 g4 42. fxg4 Kf8 43. Rg3 Nh3 1-0

[Event "120'/40 Runde 5"]
[Site "julihzl"]
[Date "2004.11.12"]
[Round "5"]
[White "Zierke, Markus"]
[Black "Topalovic, Ljubisav"]
[Result "1-0"]
[ECO "A45"]
[WhiteElo "1745"]
[BlackElo "1618"]
[Annotator ",FRED"]
[PlyCount "52"]
[EventDate "2004.??.??"]
[TimeControl "40/7200:0"]

{304MB, Fritz8.ctg, SCHACHCOM} 1. d4 Nf6 2. f4 d5 3. Nf3 Bg4 4. e3 e6 5. c3 Ne4
6. Bd3 Nc6 7. O-O Bd6 8. Nbd2 f5 9. Qe1 O-O 10. Ne5 Bh5 11. Be2 Be8 12. Nxe4
dxe4 13. Bc4 Rf6 14. a4 a6 15. b4 Bxe5 16. fxe5 Rh6 17. Rxf5 Qe7 18. Rf1 Kh8
19. Ba3 Bg6 20. b5 Qg5 21. bxc6 bxc6 22. Qf2 Bf5 23. Rae1 Rh3 24. Bxe6 Bxe6 25.
Qf4 Qxf4 26. Rxf4 Rxe3 1-0

[Event "120'/40 Runde 5"]
[Site "julihzl"]
[Date "2004.11.12"]
[Round "5"]
[White "Pletz, Bernd"]
[Black "Kowalski, Hans-Michael"]
[Result "0-1"]
[ECO "A84"]
[WhiteElo "1270"]
[BlackElo "1650"]
[Annotator ",FRED"]
[PlyCount "120"]
[EventDate "2004.??.??"]
[TimeControl "40/7200:0"]

{304MB, Fritz8.ctg, SCHACHCOM} 1. d4 f5 2. c4 Nf6 3. Bf4 e6 4. e3 Be7 5. Bd3
O-O 6. Nc3 d6 7. h3 Qe8 8. Nf3 c6 9. O-O d5 10. cxd5 exd5 11. Qc2 Ne4 12. Nd2
Qg6 13. Kh2 Nd7 14. f3 Nxd2 15. Qxd2 Nf6 16. Qf2 Nh5 17. Ne2 Nxf4 18. Nxf4 Bd6
19. Qh4 Qf6 20. Qxf6 Rxf6 21. Kh1 g6 22. Rae1 Bd7 23. Ne2 Re8 24. Nc3 Bb4 25.
Kg1 Rfe6 26. Kf2 Kg7 27. f4 Kf6 28. g3 Rc8 29. Rc1 h6 30. a3 Bxc3 31. Rxc3 Ree8
32. b4 a6 33. Rcc1 Ra8 34. Ra1 a5 35. Rfb1 axb4 36. Rxb4 b5 37. Rb3 Ra7 38. Bb1
Rea8 39. Bd3 Ra4 40. Bc2 b4 41. Rd3 Rxa3 42. Rdxa3 bxa3 43. Ra2 Ra5 44. Ke2 c5
45. Kd3 Bb5+ 46. Kc3 Bc4 47. Bb3 Bxb3 48. Kxb3 c4+ 49. Kc3 g5 50. Kb4 Ra8 51.
Rxa3 Rxa3 52. Kxa3 h5 53. h4 g4 54. Kb4 Ke6 55. Kc3 Kd6 56. Kb4 Kc6 57. Kc3 Kb5
58. Kc2 Kb4 59. Kb2 c3+ 60. Kc2 Kc4 0-1

[Event "120'/40 Runde 5"]
[Site "julihzl"]
[Date "2004.11.12"]
[Round "5"]
[White "Huppertz, Anton"]
[Black "Jahn, Manfred"]
[Result "0-1"]
[ECO "D13"]
[WhiteElo "1172"]
[BlackElo "1596"]
[Annotator ",FRED"]
[PlyCount "38"]
[EventDate "2004.??.??"]
[TimeControl "40/7200:0"]

{304MB, Fritz8.ctg, SCHACHCOM} 1. d4 d5 2. c4 c6 3. cxd5 cxd5 4. Nc3 Nf6 5. Nf3
g6 6. Bf4 Bg7 7. Qd2 a6 8. Bh6 O-O 9. Bxg7 Kxg7 10. h4 h5 11. O-O-O Qc7 12. Ng5
Bf5 13. e3 b5 14. b4 a5 15. Kb2 axb4 16. Nxb5 Qa5 17. Ka1 Rc8 18. Rc1 Rxc1+ 19.
Qxc1 Qxa2# 0-1

[Event "120'/40 Runde 5"]
[Site "julihzl"]
[Date "2004.11.12"]
[Round "5"]
[White "Wendel, Walter"]
[Black "Andritzke, Karl-Heinz"]
[Result "1-0"]
[ECO "B10"]
[WhiteElo "1400"]
[BlackElo "1490"]
[Annotator ",FRED"]
[PlyCount "89"]
[EventDate "2004.??.??"]
[TimeControl "40/7200:0"]

{304MB, Fritz8.ctg, SCHACHCOM} 1. e4 c6 2. Nf3 Nf6 3. Nc3 e6 4. e5 Nd5 5. Nxd5
cxd5 6. d4 Be7 7. Bd3 Nc6 8. a3 Qc7 9. Qe2 a6 10. Bg5 Qb6 11. c3 Qd8 12. Qd2 h6
13. Bxe7 Nxe7 14. O-O b5 15. Ne1 d6 16. f4 Qb6 17. Kh1 g6 18. Qf2 Bb7 19. Qh4
Kd7 20. a4 bxa4 21. Qf2 Bc6 22. Qc2 Bb5 23. Nf3 Qc6 24. Rfc1 Nf5 25. Qd2 Rac8
26. g4 Bxd3 27. Qxd3 Ne7 28. Qc2 h5 29. g5 Nf5 30. Qxa4 Qxa4 31. Rxa4 Rc6 32.
Rca1 Ra8 33. exd6 Nxd6 34. Ne5+ Kc7 35. Nxc6 Kxc6 36. Rxa6+ Rxa6 37. Rxa6+ Kc7
38. Rxd6 Kxd6 39. b4 Ke7 40. Kg2 f6 41. h4 e5 42. gxf6+ Kxf6 43. fxe5+ Ke6 44.
Kg3 Kd7 45. Kf4 1-0

[Event "120'/40 Runde 5"]
[Site "julihzl"]
[Date "2004.11.12"]
[Round "5"]
[White "Scholz, Michael"]
[Black "Goda, Frederic"]
[Result "0-1"]
[ECO "B09"]
[WhiteElo "1484"]
[BlackElo "1399"]
[Annotator ",FRED"]
[PlyCount "80"]
[EventDate "2004.??.??"]
[TimeControl "40/7200:0"]

{304MB, Fritz8.ctg, SCHACHCOM} 1. e4 d6 2. d4 Nf6 3. Nc3 g6 4. Be2 Bg7 5. f4
O-O 6. Nf3 c6 7. O-O e5 8. fxe5 dxe5 9. dxe5 Qb6+ 10. Kh1 Ng4 11. Qd4 Qxd4 12.
Nxd4 Nxh2 13. Kxh2 Bxe5+ 14. g3 Bxd4 15. Bh6 Bg7 16. Bf4 Be6 17. Bd6 Re8 18. e5
Nd7 19. Ne4 Bf5 20. Ng5 Nxe5 21. Bxe5 Rxe5 22. Bc4 Rd8 23. Nxf7 Rd2+ 24. Kg1
Rc5 25. Nh6+ Kf8 26. Nxf5 gxf5 27. Bd3 Bd4+ 28. Kh1 Bf2 29. Kg2 Bd4+ 30. Kh3
Bf2 31. Kg2 Bd4+ 32. Kh1 Bf6 33. Rxf5 Rxf5 34. Bxf5 Kg7 35. Rf1 Bxb2 36. Rb1
Bd4 37. Rxb7+ Kf6 38. g4 h5 39. Rd7 h4 40. Rh7 Bf2 0-1

[Event "120'/40 Runde 5"]
[Site "julihzl"]
[Date "2004.11.12"]
[Round "5"]
[White "Piontek, Carsten"]
[Black "Sauter, Berthold"]
[Result "1-0"]
[ECO "A48"]
[WhiteElo "1331"]
[BlackElo "1421"]
[Annotator ",FRED"]
[PlyCount "89"]
[EventDate "2004.??.??"]
[TimeControl "40/7200:0"]

{304MB, Fritz8.ctg, SCHACHCOM} 1. d4 Nf6 2. Nf3 g6 3. Bf4 d6 4. h3 Bg7 5. e3
O-O 6. c3 Nbd7 7. Nbd2 c5 8. Be2 b6 9. O-O Bb7 10. Re1 Re8 11. Nf1 Ne4 12. Ng5
e5 13. Nxe4 Bxe4 14. dxe5 dxe5 15. Bg3 Qe7 16. Bf3 Nf6 17. Bxe4 Nxe4 18. Qc2 f5
19. f3 Nf6 20. Nd2 Rad8 21. Rad1 Nh5 22. Nf1 Rxd1 23. Rxd1 Rd8 24. Bf2 Rxd1 25.
Qxd1 Kf7 26. Qd5+ Qe6 27. Qxe6+ Kxe6 28. Nd2 Nf6 29. Bg3 h5 30. Kf1 Bh6 31. Ke2
Nd5 32. Bf2 g5 33. c4 Nf6 34. b3 a6 35. Kd3 g4 36. Nf1 e4+ 37. Ke2 exf3+ 38.
gxf3 gxf3+ 39. Kxf3 Ne4 40. Ng3 Ng5+ 41. Kg2 Nf7 42. Nxh5 Ne5 43. Nf4+ Kd7 44.
Nd5 Kc6 45. Ne7+ 1-0

[Event "120'/40 Runde 5"]
[Site "julihzl"]
[Date "2004.11.12"]
[Round "5"]
[White "Gebhardt, Uwe"]
[Black "Kelemen, Norbert"]
[Result "1-0"]
[ECO "E38"]
[WhiteElo "1980"]
[BlackElo "1542"]
[Annotator ",FRED"]
[PlyCount "81"]
[EventDate "2004.??.??"]
[TimeControl "40/7200:0"]

{304MB, Fritz8.ctg, SCHACHCOM} 1. d4 Nf6 2. c4 e6 3. Nc3 Bb4 4. Qc2 c5 5. dxc5
Bxc5 6. Nf3 h6 7. a3 Qb6 8. e3 d6 9. Be2 Bd7 10. O-O Bc6 11. Na4 Qc7 12. Nxc5
dxc5 13. b3 b6 14. Bb2 Qb7 15. Bxf6 gxf6 16. Ne1 Nd7 17. f4 f5 18. Qc3 Ke7 19.
Bf3 h5 20. Bxc6 Qxc6 21. Nf3 Nf6 22. Ne5 Qc7 23. Rad1 Rad8 24. Qc2 Ne4 25. Qe2
Nf6 26. Qf3 Rc8 27. Rd3 Rhd8 28. Rfd1 Rxd3 29. Rxd3 Ke8 30. Qd1 a6 31. Rd6 Rd8
32. Rxd8+ Qxd8 33. Qxd8+ Kxd8 34. Nxf7+ Ke7 35. Ne5 Ng4 36. Nxg4 fxg4 37. e4
Kf6 38. Kf2 b5 39. cxb5 axb5 40. Ke2 Ke7 41. a4 1-0

[Event "120'/40 Runde 5"]
[Site "julihzl"]
[Date "2004.11.19"]
[Round "5"]
[White "Schulze, Andreas"]
[Black "Meyer, Roland"]
[Result "1-0"]
[ECO "B22"]
[WhiteElo "2060"]
[BlackElo "2101"]
[Annotator ",FRED"]
[PlyCount "129"]
[EventDate "2004.??.??"]
[TimeControl "40/7200:0"]

{304MB, Fritz8.ctg, SCHACHCOM} 1. e4 c5 2. c3 g6 3. d4 cxd4 4. Qxd4 Nf6 5. Bb5
Nc6 6. Bxc6 dxc6 7. Qxd8+ Kxd8 8. f3 e5 9. Bg5 Be7 10. Ne2 Nd7 11. Bxe7+ Kxe7
12. Nd2 Nc5 13. Nc1 Be6 14. Ndb3 Na4 15. Nd3 Rad8 16. O-O-O f6 17. Ndc5 Nxc5
18. Nxc5 Bc8 19. Rxd8 Rxd8 20. Rd1 Rxd1+ 21. Kxd1 b6 22. Nd3 Kd6 23. Kd2 a5 24.
Ke3 Be6 25. a3 c5 26. g3 c4 27. Ne1 Bd7 28. Kd2 Kc5 29. Nc2 b5 30. Ke3 f5 31.
Ne1 b4 32. axb4+ axb4 33. f4 exf4+ 34. gxf4 fxe4 35. Kxe4 Bf5+ 36. Ke3 Bd7 37.
Nf3 Bf5 38. Ng5 h6 39. Nf7 Bd3 40. Nxh6 Kb5 41. Kd4 Ka4 42. Nf7 Kb3 43. Ne5
Kxb2 44. cxb4 Be2 45. Nxc4+ Kb3 46. Ne5 Kxb4 47. Nxg6 Kb5 48. Ke5 Kc6 49. Kf6
Kd5 50. h4 Ke4 51. Kg5 Bg4 52. Ne7 Be6 53. f5 Bf7 54. Nc6 Be8 55. Nd8 Ke5 56.
f6 Kd6 57. f7 Ke7 58. fxe8=Q+ Kxe8 59. Ne6 Kf7 60. Nf4 Kg7 61. h5 Kh7 62. h6
Kg8 63. Kg6 Kh8 64. Ne6 Kg8 65. Ng5 1-0

[Event "120'/40 Runde 6"]
[Site "julihzl"]
[Date "2004.11.19"]
[Round "6"]
[White "Lepschi, Albert"]
[Black "Pletz, Bernd"]
[Result "1-0"]
[ECO "B52"]
[WhiteElo "1699"]
[BlackElo "1270"]
[Annotator ",FRED"]
[PlyCount "109"]
[EventDate "2004.??.??"]
[TimeControl "40/7200:0"]

{304MB, Fritz8.ctg, SCHACHCOM} 1. e4 c5 2. Nf3 d6 3. Bb5+ Bd7 4. Bxd7+ Qxd7 5.
O-O e6 6. d3 Be7 7. Nbd2 Nf6 8. Nc4 O-O 9. Bg5 b5 10. Ne3 b4 11. a3 Nc6 12. c3
bxc3 13. bxc3 Rfb8 14. Qc2 h6 15. Bh4 Rb7 16. Rab1 Rab8 17. d4 cxd4 18. cxd4
Rxb1 19. Rxb1 Rxb1+ 20. Qxb1 g5 21. Bg3 g4 22. d5 gxf3 23. dxc6 Qxc6 24. gxf3
Kg7 25. Qd1 Kg6 26. a4 a5 27. Qd4 Qc7 28. Qc4 Qb6 29. Qb5 Bd8 30. Qxb6 Bxb6 31.
Nc4 Bd8 32. Bxd6 Nd7 33. Bf4 Nc5 34. Ne5+ Kg7 35. Bxh6+ Kf6 36. Nc4 Nxa4 37.
Bd2 Nc5 38. Nxa5 Kg6 39. Nc4 Nd7 40. Bc3 Nf6 41. Ne5+ Kg7 42. Ng4 Kg6 43. Bxf6
Bxf6 44. Nxf6 Kxf6 45. f4 Kg6 46. Kg2 Kh5 47. Kg3 f6 48. Kh3 f5 49. f3 Kg6 50.
Kg3 Kh5 51. exf5 exf5 52. Kf2 Kh4 53. Ke3 Kh5 54. Kd4 Kg6 55. Ke5 1-0

[Event "120'/40 Runde 6"]
[Site "julihzl"]
[Date "2004.11.26"]
[Round "6"]
[White "Wolf, Rainer"]
[Black "Oberst, Thomas"]
[Result "0-1"]
[ECO "A05"]
[WhiteElo "2048"]
[BlackElo "2280"]
[Annotator ",FRED"]
[PlyCount "92"]
[EventDate "2004.??.??"]
[TimeControl "40/7200:0"]

{304MB, Fritz8.ctg, SCHACHCOM} 1. Nf3 Nf6 2. e3 g6 3. Be2 Bg7 4. O-O c5 5. d4
cxd4 6. exd4 d5 7. Ne5 O-O 8. Be3 Nc6 9. Nd2 Bf5 10. Nxc6 bxc6 11. g4 Bd7 12.
h3 Qb8 13. Nb3 Ne4 14. f4 Qd6 15. Bf3 f5 16. Qe1 Bc8 17. Kg2 Ba6 18. Be2 Bxe2
19. Qxe2 Rab8 20. g5 h5 21. h4 Qc7 22. Rab1 Kh7 23. Rfc1 Qb6 24. c4 Qa6 25. Nd2
Qxa2 26. Ra1 Qxb2 27. Rcb1 Qc3 28. Rc1 Qb4 29. Rxa7 Qd6 30. c5 Qe6 31. Nf3 Rb3
32. Ne5 Rfb8 33. Rc2 R8b7 34. Rxb7 Rxb7 35. Qa6 Rc7 36. Rb2 Bxe5 37. dxe5 d4
38. Bg1 Qd5 39. Qa2 Qxa2 40. Rxa2 Rd7 41. e6 Rd5 42. Ra7 d3 43. Rxe7+ Kg8 44.
Rd7 d2 45. Bd4 d1=Q 46. Rg7+ Kf8 0-1

[Event "120'/40 Runde 6"]
[Site "julihzl"]
[Date "2004.11.26"]
[Round "6"]
[White "Mouratidis, Charalampos"]
[Black "Meyer, Roland"]
[Result "0-1"]
[ECO "B40"]
[WhiteElo "1666"]
[BlackElo "2101"]
[Annotator ",FRED"]
[PlyCount "134"]
[EventDate "2004.??.??"]
[TimeControl "40/7200:0"]

{304MB, Fritz8.ctg, SCHACHCOM} 1. e4 c5 2. Nf3 e6 3. d4 cxd4 4. Nxd4 Bc5 5. Nb3
Bb6 6. c4 Ne7 7. Bg5 O-O 8. Nc3 f5 9. c5 Bc7 10. Bd3 f4 11. e5 Qe8 12. Bxe7
Qxe7 13. Nb5 Qg5 14. Nxc7 Qxe5+ 15. Qe2 Qxc7 16. Qh5 h6 17. Qg6 Qe5+ 18. Kd1
Nc6 19. Re1 Qxb2 20. Re2 Qf6 21. Qh7+ Kf7 22. Qe4 b6 23. Qf3 bxc5 24. Rc1 Rb8
25. Qh5+ Kg8 26. Nxc5 Qg5 27. Qxg5 hxg5 28. Nxe6 dxe6 29. Rxc6 Rb6 30. Rxb6
axb6 31. Re5 Rd8 32. Ke2 Rd5 33. Rxd5 exd5 34. Bg6 Kf8 35. Kd3 Ke7 36. Kd4 Kd6
37. a4 Ba6 38. g3 Bc4 39. Bc2 Ke6 40. g4 Kd6 41. Bd1 Bf1 42. Bf3 Bc4 43. Bd1
Ba6 44. Bb3 Be2 45. Bxd5 Bd1 46. Be4 Bxa4 47. Bf5 Bd7 48. Bxd7 Kxd7 49. Kd5 Kc7
50. f3 Kd7 51. Kd4 Kd6 52. Ke4 b5 53. Kf5 Kd5 54. Kxg5 b4 55. h4 b3 56. Kg6 b2
57. Kxg7 b1=Q 58. h5 Qb7+ 59. Kg6 Ke6 60. g5 Qxf3 61. h6 Qe4+ 62. Kg7 Qb7+ 63.
Kh8 Kf7 64. Kh7 Qe4+ 65. Kh8 Qe5+ 66. Kh7 Qxg5 67. Kh8 Qg8# 0-1

[Event "120'/40 Runde 6"]
[Site "julihzl"]
[Date "2004.11.26"]
[Round "6"]
[White "Schulze, Andreas"]
[Black "Neidlinger, Markus"]
[Result "1-0"]
[ECO "B22"]
[WhiteElo "2060"]
[BlackElo "2000"]
[Annotator ",FRED"]
[PlyCount "79"]
[EventDate "2004.??.??"]
[TimeControl "40/7200:0"]

{304MB, Fritz8.ctg, SCHACHCOM} 1. e4 c5 2. c3 d5 3. exd5 Qxd5 4. d4 cxd4 5.
cxd4 Nc6 6. Nf3 Bf5 7. Nc3 Qa5 8. Bb5 a6 9. Ba4 b5 10. Bb3 Rd8 11. O-O Nf6 12.
Be3 e6 13. Rc1 Nb4 14. Ne5 Bd6 15. Qf3 Bxe5 16. dxe5 Ng4 17. Bc5 Nxe5 18. Qb7
Nbc6 19. Bb6 Qb4 20. f4 Rb8 21. Qc7 Nd7 22. Qxc6 Rxb6 23. Qc8+ Ke7 24. Qxh8
Qd4+ 25. Kh1 Rb8 26. Ne2 Qxb2 27. Rc8 Rxc8 28. Qxc8 Qxe2 29. Rd1 Bd3 30. Qc7 h5
31. f5 h4 32. fxe6 fxe6 33. Qc3 h3 34. Qxg7+ Kd6 35. Qg3+ Kc6 36. Qxh3 Nc5 37.
Rc1 Kb6 38. Qg3 e5 39. Re1 Ne4 40. Qg6+ 1-0

[Event "120'/40 Runde 6"]
[Site "julihzl"]
[Date "2004.11.26"]
[Round "6"]
[White "Geutebrueck, Sebastian"]
[Black "Lainburg, Viktor"]
[Result "1/2-1/2"]
[ECO "D02"]
[WhiteElo "1923"]
[BlackElo "2070"]
[Annotator ",FRED"]
[PlyCount "76"]
[EventDate "2004.??.??"]
[TimeControl "40/7200:0"]

{304MB, Fritz8.ctg, SCHACHCOM} 1. d4 d5 2. Nf3 Nc6 3. c3 Bf5 4. Bf4 e6 5. e3
Bd6 6. Bd3 Nge7 7. O-O O-O 8. Re1 Bxd3 9. Qxd3 Ng6 10. Bxd6 Qxd6 11. e4 dxe4
12. Qxe4 Rad8 13. Na3 a6 14. h4 Qd5 15. Qg4 h5 16. Qg3 Qd6 17. Qg5 Qf4 18. Qxf4
Nxf4 19. Nc4 b5 20. Nce5 Rd6 21. g3 Nd5 22. Nd3 Rb8 23. Nfe5 Nxe5 24. Rxe5 g6
25. Rae1 b4 26. Rc1 bxc3 27. bxc3 Rc6 28. Nc5 Rb2 29. a4 a5 30. Kf1 Rcb6 31.
Nd7 R6b3 32. c4 Nb4 33. Rxa5 Nd3 34. Rd1 Nxf2 35. Ra1 Ne4 36. Re5 Nd2+ 37. Kf2
Nxc4+ 38. Re2 Na5 1/2-1/2

[Event "120'/40 Runde 6"]
[Site "julihzl"]
[Date "2004.11.26"]
[Round "6"]
[White "Hoffart, Alexander"]
[Black "Heinrich, Klaus"]
[Result "1-0"]
[ECO "B01"]
[WhiteElo "1872"]
[BlackElo "1844"]
[Annotator ",FRED"]
[PlyCount "85"]
[EventDate "2004.??.??"]
[TimeControl "40/7200:0"]

{304MB, Fritz8.ctg, SCHACHCOM} 1. e4 d5 2. exd5 Nf6 3. Nf3 Qxd5 4. Nc3 Qa5 5.
d4 c6 6. Be2 Bg4 7. O-O e6 8. Ne5 Bf5 9. Bd3 Bxd3 10. Qxd3 Bd6 11. Nc4 Qc7 12.
Nxd6+ Qxd6 13. Ne4 Nxe4 14. Qxe4 Nd7 15. Qg4 g6 16. Bg5 h5 17. Qh4 Qd5 18. Rfe1
Qf5 19. Bd2 f6 20. Bb4 Nb6 21. g4 Qxg4+ 22. Qxg4 hxg4 23. Rxe6+ Kf7 24. Re7+
Kg8 25. Rxb7 Rh7 26. Rxh7 Kxh7 27. Re1 Nd5 28. Bd2 f5 29. c4 Nf6 30. Re7+ Kg8
31. Re6 Ne4 32. Be3 Kf7 33. Rxc6 g5 34. d5 f4 35. Re6 Nf6 36. Bd4 Nd7 37. c5
Rc8 38. b4 a5 39. Rd6 Rc7 40. c6 Nb8 41. Rh6 Rc8 42. Rh8 Rxh8 43. Bxh8 1-0

[Event "120'/40 Runde 6"]
[Site "julihzl"]
[Date "2004.11.26"]
[Round "6"]
[White "Mayer, Arnd"]
[Black "Locher, Klaus"]
[Result "0-1"]
[ECO "D05"]
[WhiteElo "2020"]
[BlackElo "1800"]
[Annotator ",FRED"]
[PlyCount "54"]
[EventDate "2004.??.??"]
[TimeControl "40/7200:0"]

{304MB, Fritz8.ctg, SCHACHCOM} 1. d4 d5 2. Nf3 e6 3. e3 Nf6 4. Bd3 Be7 5. O-O
Nbd7 6. b3 b6 7. Bb2 Bb7 8. c4 dxc4 9. bxc4 O-O 10. Nbd2 c5 11. Qc2 cxd4 12.
exd4 Rc8 13. Ne5 g6 14. f4 Nd5 15. Qa4 Nxe5 16. fxe5 Bc6 17. Qb3 Ne3 18. Rf2
Bg5 19. Re1 Nxg2 20. Rxg2 Bxg2 21. Ne4 Bxe4 22. Rxe4 Bd2 23. Rg4 f5 24. exf6
Qxf6 25. d5 Be3+ 26. Kh1 Qf3+ 27. Rg2 Qf1+ 0-1

[Event "120'/40 Runde 6"]
[Site "julihzl"]
[Date "2004.11.26"]
[Round "6"]
[White "Hartmann, Thomas"]
[Black "Dymerets, Yosup"]
[Result "1/2-1/2"]
[ECO "A39"]
[WhiteElo "1910"]
[BlackElo "1600"]
[Annotator ",FRED"]
[PlyCount "63"]
[EventDate "2004.??.??"]
[TimeControl "40/7200:0"]

{304MB, Fritz8.ctg, SCHACHCOM} 1. d4 Nf6 2. c4 c5 3. Nf3 cxd4 4. Nxd4 g6 5. Nc3
Bg7 6. g3 O-O 7. Bg2 Nc6 8. O-O Nxd4 9. Qxd4 a6 10. Rd1 Qc7 11. c5 Re8 12. Qb4
Rb8 13. Na4 e5 14. Rd6 Re6 15. Bg5 b5 16. Rxe6 fxe6 17. Nb6 d5 18. Qh4 Nd7 19.
Rc1 Nxb6 20. Bd8 Qc6 21. Bxb6 Bd7 22. Rc3 Rf8 23. Rf3 Qc8 24. Rxf8+ Qxf8 25.
Qb4 e4 26. Bc7 Qc8 27. Bd6 Qd8 28. h4 a5 29. Qd2 b4 30. e3 Qf6 31. b3 Qc3 32.
Qe2 1/2-1/2

[Event "120'/40 Runde 6"]
[Site "julihzl"]
[Date "2004.11.26"]
[Round "6"]
[White "Stürmer, Axel"]
[Black "Nuber, Reinhard"]
[Result "0-1"]
[ECO "C26"]
[WhiteElo "1904"]
[BlackElo "1764"]
[Annotator ",FRED"]
[PlyCount "54"]
[EventDate "2004.??.??"]
[TimeControl "40/7200:0"]

{304MB, Fritz8.ctg, SCHACHCOM} 1. Nc3 e5 2. e4 Nf6 3. Bb5 c6 4. Ba4 Bc5 5. a3
O-O 6. b4 Bb6 7. Bb3 d5 8. Qe2 Nxe4 9. Nxe4 dxe4 10. Bb2 Re8 11. Qxe4 Be6 12.
Bxe6 Rxe6 13. Nf3 Nd7 14. O-O Nf8 15. a4 Ng6 16. h4 Qd5 17. Qg4 f5 18. Qxf5 Rf8
19. Qd3 e4 20. Qxd5 cxd5 21. a5 exf3 22. axb6 Rxb6 23. Rxa7 fxg2 24. Kxg2 Nxh4+
25. Kh3 Nf3 26. d3 Rh6+ 27. Kg2 Rg6+ 0-1

[Event "120'/40 Runde 6"]
[Site "julihzl"]
[Date "2004.11.26"]
[Round "6"]
[White "Madeo, Giovanni"]
[Black "Krauß, Rainer"]
[Result "1-0"]
[ECO "D20"]
[WhiteElo "1877"]
[BlackElo "1780"]
[Annotator ",FRED"]
[PlyCount "75"]
[EventDate "2004.??.??"]
[TimeControl "40/7200:0"]

{304MB, Fritz8.ctg, SCHACHCOM} 1. d4 d5 2. c4 dxc4 3. e3 e6 4. Bxc4 Bb4+ 5. Nc3
Nf6 6. Nf3 O-O 7. O-O b6 8. Ne5 Bb7 9. Qb3 Bxc3 10. bxc3 Nc6 11. Nxc6 Bxc6 12.
f3 h6 13. Bxe6 Bb7 14. Bc4 Qd7 15. Ba3 Rfe8 16. e4 Rad8 17. Rad1 c6 18. Rfe1
Qc7 19. Bf1 Qf4 20. Bc1 Qc7 21. Be3 Nd7 22. Bf2 c5 23. Bc4 Rf8 24. Bg3 Qc8 25.
Bd6 Nf6 26. Bxf8 Rxf8 27. e5 Nh7 28. e6 Ng5 29. exf7+ Kh8 30. Bd5 Bxd5 31. Qxd5
cxd4 32. Rxd4 Nxf7 33. Rc4 Qb8 34. Re7 Ng5 35. Qe5 Qxe5 36. Rxe5 Kh7 37. Rc7
Rxf3 38. Rxg5 1-0

[Event "120'/40 Runde 6"]
[Site "julihzl"]
[Date "2004.11.26"]
[Round "6"]
[White "Schwab, Matthias"]
[Black "Gebhardt, Uwe"]
[Result "1/2-1/2"]
[ECO "B50"]
[WhiteElo "1862"]
[BlackElo "1980"]
[Annotator ",FRED"]
[PlyCount "55"]
[EventDate "2004.??.??"]
[TimeControl "40/7200:0"]

{304MB, Fritz8.ctg, SCHACHCOM} 1. e4 c5 2. Nf3 d6 3. c3 g6 4. d4 cxd4 5. cxd4
Bg7 6. Bc4 Nf6 7. Nc3 O-O 8. O-O Nxe4 9. Bxf7+ Rxf7 10. Nxe4 h6 11. Nh4 d5 12.
Ng3 g5 13. Ng6 Nc6 14. Be3 Qd6 15. Qh5 Rf6 16. Ne5 Nxe5 17. dxe5 Qxe5 18. Rad1
Rf8 19. Bd4 Qd6 20. Ne4 Qf4 21. Qg6 Qf7 22. Qxg7+ Qxg7 23. Bxg7 Kxg7 24. Rxd5
Be6 25. Re5 Bxa2 26. Ra1 Bb3 27. Nc5 Bc4 28. Rxe7+ 1/2-1/2

[Event "120'/40 Runde 6"]
[Site "julihzl"]
[Date "2004.11.26"]
[Round "6"]
[White "Jahn, Manfred"]
[Black "Jehle, Bernhard"]
[Result "0-1"]
[ECO "C01"]
[WhiteElo "1596"]
[BlackElo "1817"]
[Annotator ",FRED"]
[PlyCount "106"]
[EventDate "2004.??.??"]
[TimeControl "40/7200:0"]

{304MB, Fritz8.ctg, SCHACHCOM} 1. d4 Nf6 2. c4 e5 3. e3 exd4 4. exd4 d5 5. Nf3
Bb4+ 6. Bd2 Bxd2+ 7. Nbxd2 O-O 8. Be2 Bg4 9. O-O Nc6 10. h3 Bh5 11. c5 Re8 12.
Re1 Ne4 13. Nb3 a5 14. a4 Qf6 15. Rf1 Ng5 16. Re1 Nxh3+ 17. gxh3 h6 18. Nbd2
Re6 19. Ra3 Rae8 20. Kf1 Nb4 21. Ne5 Bxe2+ 22. Rxe2 Qf4 23. Ndf3 Qf5 24. Ng1 f6
25. Rf3 Qh5 26. Ng4 Rxe2 27. Nxe2 f5 28. Nh2 g5 29. Rxf5 Qxh3+ 30. Kg1 Qxf5 31.
Ng3 Qg6 32. Qf3 Rf8 33. Qc3 Nd3 34. Ng4 Nf4 35. Qd2 Qg7 36. Qe3 h5 37. Ne5 g4
38. Ne2 Nh3+ 39. Kh1 Nxf2+ 40. Kg1 Ne4 41. Nf4 Qg5 42. Neg6 Rf7 43. Qb3 Rxf4
44. Nxf4 Qxf4 45. Qxd5+ Kg7 46. Qd7+ Kg6 47. Qe6+ Kg5 48. Qe7+ Nf6 49. Qg7+ Kf5
50. Kg2 h4 51. b3 h3+ 52. Kg1 g3 53. Qe7 Qf2+ 0-1

[Event "120'/40 Runde 6"]
[Site "julihzl"]
[Date "2004.11.26"]
[Round "6"]
[White "Grupp, Berthold"]
[Black "Dorer, Manfred"]
[Result "1/2-1/2"]
[ECO "A14"]
[WhiteElo "1730"]
[BlackElo "1799"]
[Annotator ",FRED"]
[PlyCount "27"]
[EventDate "2004.??.??"]
[TimeControl "40/7200:0"]

{304MB, Fritz8.ctg, SCHACHCOM} 1. Nf3 c5 2. c4 Nc6 3. g3 Nf6 4. Bg2 e6 5. O-O
Be7 6. b3 O-O 7. Bb2 d5 8. cxd5 Nxd5 9. d3 Bf6 10. Bxf6 Qxf6 11. Na3 a6 12. Rc1
Qe7 13. Nc4 Bd7 14. Nfe5 1/2-1/2

[Event "120'/40 Runde 6"]
[Site "julihzl"]
[Date "2004.11.26"]
[Round "6"]
[White "Kowalski, Hans-Michael"]
[Black "Zierke, Markus"]
[Result "0-1"]
[ECO "D02"]
[WhiteElo "1650"]
[BlackElo "1745"]
[Annotator ",FRED"]
[PlyCount "72"]
[EventDate "2004.??.??"]
[TimeControl "40/7200:0"]

{304MB, Fritz8.ctg, SCHACHCOM} 1. d4 Nc6 2. Nf3 d5 3. Bf4 Bf5 4. c3 Nf6 5. e3
a6 6. Be2 e6 7. Nbd2 Bd6 8. Ne5 Bxe5 9. dxe5 Nd7 10. Nf3 Be4 11. Qb3 Bxf3 12.
gxf3 Rb8 13. Rg1 Ndxe5 14. O-O-O Ng6 15. Bg3 Qe7 16. f4 f5 17. f3 O-O 18. Kb1
Kh8 19. Bf2 b5 20. Qc2 Na5 21. Rg5 Nc4 22. Rdg1 b4 23. Bxc4 dxc4 24. e4 fxe4
25. fxe4 Rxf4 26. cxb4 Rbf8 27. Be1 Rf1 28. Qe2 Rxg1 29. Rxg1 Qd6 30. Bc3 Qd3+
31. Qxd3 cxd3 32. Be1 Rf4 33. Bg3 Rxe4 34. Rd1 Rd4 35. Bxc7 e5 36. Kc1 Rc4+ 0-1

[Event "120'/40 Runde 6"]
[Site "julihzl"]
[Date "2004.11.26"]
[Round "6"]
[White "Fiedler, Peter"]
[Black "Geisdorf, Uwe"]
[Result "1-0"]
[ECO "D94"]
[WhiteElo "1766"]
[BlackElo "1650"]
[Annotator ",FRED"]
[PlyCount "76"]
[EventDate "2004.??.??"]
[TimeControl "40/7200:0"]

{304MB, Fritz8.ctg, SCHACHCOM} 1. d4 Nf6 2. Nf3 g6 3. c4 Bg7 4. Nc3 d5 5. e3
O-O 6. Be2 c5 7. dxc5 Qa5 8. O-O dxc4 9. Bxc4 Qxc5 10. Be2 Nc6 11. a3 Bg4 12.
h3 Be6 13. Na4 Qf5 14. Nd4 Nxd4 15. exd4 Bd5 16. Nc3 Rfd8 17. Be3 Rac8 18. Rc1
a6 19. Nxd5 Qxd5 20. Bf3 Qd7 21. Qb3 b5 22. Rfd1 e6 23. Rc5 Bf8 24. Rcc1 Be7
25. Bf4 Rxc1 26. Bxc1 Nd5 27. Qd3 Bf6 28. Be3 Nxe3 29. fxe3 Rc8 30. b3 Qc7 31.
a4 bxa4 32. bxa4 a5 33. e4 Be7 34. d5 exd5 35. exd5 Bd6 36. Bg4 Qb6+ 37. Kf1
Bb4 38. Bxc8 Qf6+ 1-0